 Dungeon Crawl Stone Soup version 0.22.1-5-g62c59d919a (webtiles) character file.

261 Raymar the Magician (level 6, -5/44 HPs)
             Began as a Human Wizard on Jan 11, 2019.
             Was a Follower of Vehumet.
             Killed from afar by Blork the orc (7 damage)
             ... with a magic dart
             ... on level 4 of the Dungeon.
             The game lasted 00:20:45 (4196 turns).

Raymar the Magician (Human Wizard)                  Turns: 4196, Time: 00:20:46

Health: -5/44      AC:  4    Str:  6 (7)  XL:     6   Next: 41%
Magic:  1/12       EV: 12    Int: 17 (20) God:    Vehumet [*.....]
Gold:   150        SH:  0    Dex: 10 (12) Spells: 6/13 levels left

rFire    . . .     SeeInvis .   g - +2 dagger (speed)
rCold    . . .     Gourm    .   (no shield)
rNeg     . . .     Faith    .   a - +0 robe
rPois    .         Spirit   .   b - +1 hat
rElec    .         Reflect  .   (no cloak)
rCorr    +         Harm     .   c - +0 pair of gloves
MR       .....                  (no boots)
Stlth    ++........             (no amulet)
HPRegen  0.14/turn              i - ring of resist corrosion
MPRegen  0.13/turn              (no ring)

@: no status effects
A: no striking features
a: Renounce Religion


You were on level 4 of the Dungeon.
You worshipped Vehumet.
Vehumet was aware of your devotion.
You were not hungry.

You visited 1 branch of the dungeon, and saw 4 of its levels.

You collected 150 gold pieces.

Inventory:

Hand Weapons
 f - a +0 dagger of freezing
 g - a +2 dagger of speed (weapon)
Armour
 a - a +0 robe (worn)
 b - a +1 hat (worn)
 c - a +0 pair of gloves (worn)
Jewellery
 i - a ring of resist corrosion (left hand)
Wands
 h - a wand of random effects (40)
Scrolls
 e - 3 scrolls of remove curse
Potions
 j - a potion of brilliance
Comestibles
 d - 8 rations


   Skills:
 * Level 2.0 Fighting
 - Level 2.8 Short Blades
 + Level 2.6 Dodging
 + Level 2.6 Stealth
 + Level 4.2 Spellcasting
 + Level 1.7 Conjurations
 + Level 1.1 Summonings
   Level 1.0 Translocations
 + Level 0.2 Evocations


You had 6 spell levels left.
You knew the following spells:

 Your Spells              Type           Power        Failure   Level  Hunger
a - Magic Dart            Conj           #...         8%          1    None
b - Sandblast             Erth           #.....       16%         1    None
c - Call Imp              Summ           #.......     14%         2    ##.....
d - Conjure Flame         Conj/Fire      #.......     32%         3    ###....

Your spell library contained the following spells:

 Spells                   Type           Power        Failure   Level  Hunger
 Blink                    Tloc           N/A          16%         2    ##.....
 Slow                     Hex            #.......     24%         2    ##.....
 Mephitic Cloud           Conj/Pois/Air  #.......     36%         3    ###....


Dungeon Overview and Level Annotations

Branches:
Dungeon (4/15)
 Temple: D:4-7

Altars:
Fedhas
Uskayaw
Vehumet

Annotations:
D:4 Blork the orc


Message History

Blork the orc casts a spell at you. The magic dart hits your crimson imp.
Your crimson imp hits Blork the orc but does no damage.
Blork the orc misses you.
Blork the orc casts a spell.
Blork the orc flickers and vanishes!
Deactivating autopickup; reactivate with Ctrl-A.
A puff of frost appears from out of thin air!
The puff of frost hits your crimson imp.
Your crimson imp is frozen!
Your crimson imp dies!
A magic dart appears from out of thin air!
The magic dart hits you!
* * * LOW HITPOINT WARNING * * *
Casting: Call Imp (safe; 14% risk of failure)
Confirm with . or Enter, or press ? or * to list all spells.
You don't have enough magic to cast that spell.
A magic dart appears from out of thin air!
The magic dart hits you!
You die...

#.####.## ##.#
#.......# .#
########..# .#
..........# ..
#########(# ## #.#
#.#
#.################
#.......@..{.....#
################.#
#.# #)# #.....)..
#########


There were no monsters in sight!

Vanquished Creatures
  A crimson imp (D:3)
  2 orc wizards (D:4)
  5 adders
  4 oozes
  A worm (D:2)
  A dart slug (D:1)
  A leopard gecko (D:3)
  9 orcs (D:3)
  14 bats
  7 giant cockroaches
  12 goblins
  11 hobgoblins
  6 jackals
  7 kobolds
  2 ball pythons (D:2)
  A frilled lizard (D:1)
  8 rats
92 creatures vanquished.

Vanquished Creatures (collateral kills)
  A worker ant (D:4)
  An orc (D:4)
  A bat (D:3)
  A frilled lizard (D:3)
4 creatures vanquished.

Grand Total: 96 creatures vanquished

Notes
Turn   | Place    | Note
-------+----------+-------------------------------------------
     0 | D:1      | Raymar the Human Wizard began the quest for the Orb.
     0 | D:1      | Reached XP level 1. HP: 13/13 MP: 4/4
    73 | D:1      | Reached XP level 2. HP: 9/20 MP: 0/6
    77 | D:1      | HP: 1/20 [hobgoblin/club (5)]
   108 | D:1      | HP: 1/20 [hobgoblin/club (2)]
   624 | D:1      | Reached XP level 3. HP: 20/25 MP: 5/7
  1085 | D:1      | Reached skill level 1 in Short Blades
  1332 | D:2      | Reached XP level 4. HP: 31/31 MP: 5/9
  1402 | D:2      | Reached skill level 1 in Fighting
  1420 | D:2      | Found a radiant altar of Vehumet.
  1432 | D:2      | Became a worshipper of Vehumet
  1606 | D:2      | Found a hide-covered altar of Uskayaw.
  2449 | D:3      | Reached XP level 5. HP: 37/37 MP: 3/10
  2573 | D:3      | Reached * piety under Vehumet
  2573 | D:3      | Offered knowledge of Sandblast by Vehumet.
  2634 | D:3      | Learned a level 1 spell: Sandblast
  2780 | D:3      | Learned a level 2 spell: Call Imp
  2962 | D:3      | Learned a level 3 spell: Conjure Flame
  3156 | D:3      | Found a blossoming altar of Fedhas.
  3212 | D:3      | Reached XP level 6. HP: 28/44 MP: 1/11
  3477 | D:3      | Reached skill level 4 in Spellcasting
  3553 | D:4      | Noticed a slave
  4160 | D:4      | Noticed Blork the orc
  4193 | D:4      | HP: 2/44 [something/magic dart (6)]
  4196 | D:4      | Killed from afar by Blork the orc

Skill      XL: |  1  2  3  4  5  6 |
---------------+-------------------+-----
Short Blades   | 1 2 |  2.8
Fighting       | 1 2 |  2.0
Spellcasting   | 4 |  4.2
Dodging        | |  2.6
Stealth        | |  2.6
Conjurations   | |  1.7
Summonings     | |  1.1
Translocations | |  1.0
Evocations     | |  0.2

Action                   |  1- 3 |  4- 6 || total
-------------------------+-------+-------++-------
Melee: Dagger            |    47 |   258 ||   305
 Cast: Magic Dart        |    60 |   140 ||   200
       Call Imp          |       |    10 ||    10
       Sandblast         |       |     4 ||     4
Evoke: Wand              |     4 |       ||     4
  Use: Scroll            |     4 |     3 ||     7
       Potion            |     1 |     4 ||     5
 Stab: Confused          |     1 |       ||     1
       Paralysed         |     1 |       ||     1
  Eat: Ration            |     1 |     2 ||     3
       Chunk             |       |     1 ||     1
Armor: Robe              |     5 |    55 ||    60
Dodge: Dodged            |    31 |   129 ||   160
